cohdb
Replays
Latest Replays
All Replays
Popular Replays
Top Player Replays
Match Explorer
How It Works
Community
CoH3 Stats
Reddit
Sign in to upload your games and track your stats! →
Sign in with Steam
Match 39950681
Unlisted
Match 39950681
Overview
Messages
Build Orders
End
Vickers Machine Gun Team
Construct Section Command Post
Selects Heavy Armor Battlegroup
Infantry Section
Infantry Section
Grenade Package
Infantry Section
Selects Rigorous Vehicle Training
Dingo Light Scout Car
Construct Platoon Command Post
Infantry Training
Unlock M3 Stuart Light Tanks
Construct Field Infirmary
Unlock Bishop Self-propelled Artillery
Selects Forward Repair Assembly
M3 Stuart Light Tank
Selects Light Vehicle Withdraw and Refit
Selects UNKNOWN (202330)
Light Vehicle Training
Construct Company Command Post
Foot Guards Section
Selects Recon Artillery
Crusader AA Medium Tank
Recon Artillery
Foot Guards Section
Gabe_Real
ßoo
FL_FL
EGGMAN
Gengeta
Rodib
0
0
Comments
sign in to comment!
No comments posted yet!